 Dungeon Crawl Stone Soup version 0.25-a0-253-g6f1b5d974a (webtiles) character file.

Game seed: 5327343167790483754, levelgen mode: deterministic

122653 RedPan the Brawler (level 16, -3/202 HPs)
             Began as an Ogre Monk on Dec 5, 2019.
             Was the Champion of Cheibriados.
             Slain by a titanic slime creature (75 damage)
             ... on level 15 of the Dungeon.
             The game lasted 01:23:28 (29711 turns).

RedPan the Brawler (Ogre Monk)                     Turns: 29711, Time: 01:23:29

Health: -3/202     AC: 31    Str: 35    XL:     16   Next: 88%
Magic:  21/25      EV: 21    Int: 36    God:    Cheibriados [******]
Gold:   1301       SH:  0    Dex: 26    Spells: 18/27 levels left

rFire    . . .     SeeInvis .     - Unarmed
rCold    . . .     Gourm    +   (no shield)
rNeg     + . .     Faith    .   (armour currently unavailable)
rPois    ∞         Spirit   .   (helmet restricted)
rElec    +         Reflect  .   k - +2 cloak
rCorr    .         Harm     .   (gloves unavailable)
MR       +....                  (boots unavailable)
Stlth    ++........             C - amulet of the gourmand
HPRegen  0.43/turn              I - ring of wizardry
MPRegen  0.19/turn              H - +6 ring of intelligence

@: statue-form, very slow
A: large, unfitting armour
a: End Transformation, Bend Time, Temporal Distortion, Slouch, Step From Time,
Renounce Religion


You were on level 15 of the Dungeon.
You worshipped Cheibriados.
Cheibriados was exalted by your worship.
You were completely stuffed.
You were a stone statue.
You visited 3 branches of the dungeon, and saw 23 of its levels.

You collected 2516 gold pieces.
You spent 1215 gold pieces at shops.

Inventory:

Armour
 g - a scarf of cloud immunity
 k - a +2 cloak (worn)
 v - the +4 robe of Augmentation (melded) {Str+4 Int+4 Dex+4}
   (You found it on level 5 of the Dungeon)

   It affects your strength (+4).
   It affects your intelligence (+4).
   It affects your dexterity (+4).
 K - a +2 robe of cold resistance
 O - a +0 large shield
Magical Staves
 p - an uncursed staff of power
 E - an uncursed staff of conjuration
Jewellery
 h - an uncursed ring of flight
 C - an amulet of the gourmand (around neck)
 H - a +6 ring of intelligence (right hand)
 I - a ring of wizardry (left hand)
Wands
 f - a wand of paralysis (9)
 s - a wand of disintegration (10)
 u - a wand of acid (7)
 x - a wand of flame (19)
 y - a wand of enslavement (5)
 z - a wand of polymorph (18)
 J - a wand of clouds (4)
 L - a wand of scattershot (5)
 M - a wand of iceblast (12)
Scrolls
 a - 4 scrolls of enchant weapon
 d - 7 scrolls of remove curse
 i - 10 scrolls of amnesia
 n - 3 scrolls of fog
 q - 2 scrolls of magic mapping
 r - 6 scrolls of teleportation
 w - 9 scrolls of identify
 D - 5 scrolls of fear
 P - 2 scrolls of blinking
Potions
 c - 9 potions of curing
 e - 5 potions of flight
 j - 4 potions of magic
 l - 3 potions of lignification
 m - 2 potions of brilliance
 o - a potion of agility
 t - a potion of resistance
 A - 2 potions of invisibility
 B - a potion of heal wounds
 F - 2 potions of might
 G - a potion of ambrosia
 Q - a potion of berserk rage
Comestibles
 b - 56 rations


   Skills:
 - Level 9.0 Fighting
 - Level 3.1 Armour
 + Level 11.7 Dodging
 - Level 1.4 Stealth
 * Level 6.3 Shields
 + Level 15.6 Unarmed Combat
 - Level 6.0 Spellcasting
 - Level 4.0 Summonings
 - Level 8.1 Transmutations
 - Level 8.1 Earth Magic
 - Level 8.0 Invocations
 - Level 4.0 Evocations


You had 18 spell levels left.
You knew the following spells:

 Your Spells              Type           Power        Failure   Level  Hunger
a - Call Canine Familiar  Summ           #####...     1%          3    None
b - Statue Form           Tmut/Erth      ######...    8%          6    ######.

Your spell library contained the following spells:

 Spells                   Type           Power        Failure   Level  Hunger
 Apportation              Tloc           ##....       1%          1    None
 Freeze                   Ice            ##..         1%          1    None
 Shock                    Conj/Air       ##..         1%          1    None
 Summon Butterflies       Summ           #####...     1%          1    None
 Summon Small Mammal      Summ           ####         1%          1    None
 Call Imp                 Summ           #####...     1%          2    None
 Stone Arrow              Conj/Erth      #####.       1%          3    None
 Summon Guardian Golem    Hex/Summ       ####....     1%          3    None
 Petrify                  Tmut/Erth      ######..     1%          4    ##.....
 Poisonous Vapours        Pois/Air       ##....       2%          2    None
 Lesser Beckoning         Tloc           ##........   4%          3    None
 Ozocubu's Armour         Chrm/Ice       ##......     4%          3    None
 Tukima's Dance           Hex            ##......     4%          3    None
 Summon Ice Beast         Ice/Summ       ####....     6%          4    ##.....
 Summon Lightning Spire   Summ/Air       ####....     6%          4    ##.....
 Alistair's Intoxication  Tmut/Pois      #####...     8%          5    ####...
 Irradiate                Conj/Tmut      #####.....   8%          5    ####...
 Hydra Form               Tmut           ######....   8%          6    ######.
 Hailstorm                Conj/Ice       ##......     14%         4    ##.....
 Olgreb's Toxic Radiance  Pois           ##......     14%         4    ##.....
 Metabolic Englaciation   Hex/Ice        ##........   34%         5    ####...
 Dragon Form              Tmut           ######....   38%         7    #######
 Freezing Cloud           Conj/Ice/Air   ##........   88%         6    ######.
 Invisibility             Hex            ##......     88%         6    ######.


Dungeon Overview and Level Annotations

Branches:
Dungeon (15/15)            Temple (0/1) D:5            Lair (6/6) D:8
 Shoals (0/4) Lair:4       Spider (0/4) Lair:4        Slime (0/5) Lair:5
    Orc (2/2) D:10            Elf (0/3) Orc:2        Vaults (0/5) D:14
 Depths (0/5) D:15

Altars:
Cheibriados
Dithmenos
Elyvilon
Gozag
Kikubaaqudgha
Okawaru
Sif Muna
Vehumet
Xom
The Shining One
Beogh

Shops:
D:5 *   D:8 ?   D:10 *   D:12 %   D:14 :   Orc:1 *   Orc:2 !?:(

Annotations:
D:4 1 runed translucent door, an12's ghost, amateur DrWz
Lair:1 exclusion: oklob plant
Lair:3 3 runed translucent doors, Ydghazxe's ghost, journeyman VSCK


Innate Abilities, Weirdness & Mutations

You are too large for most types of armour.
((You have tough skin. (AC +1)))


Message History

You pulverise the slime creature!!!
You kill the slime creature!
Cheibriados appreciates the change of pace.
The large slime creature hits you but does no damage.
Two slime creatures merge to form an enormous slime creature.
You pummel the enormous slime creature like a punching bag!!!
The enormous slime creature is moderately wounded.
Two slime creatures merge to form a titanic slime creature.
You punch the titanic slime creature!
The titanic slime creature is moderately wounded.
You hit the titanic slime creature but do no damage.
The titanic slime creature is moderately wounded.
The titanic slime creature hits you!!!
You pummel the titanic slime creature!!
The titanic slime creature is moderately wounded.
The titanic slime creature hits you!!!
You pulverise the titanic slime creature!!!
The titanic slime creature is heavily wounded.
The titanic slime creature hits you!!!!
You die...

#.........
#.........
#.........
#.........
#.......[.
#.........
#########.........
#.................
#8#######.........
#J# #......... #.#
#......... #.#
#......... #.#
#.)....... #.#
#..######. #.#
#..# #. #.# #..#
#. #..# #.


You could see a titanic slime creature.

Vanquished Creatures
  The ghost of Dyxt the Fighter, a journeyman HONe of Trog (D:14)
  A dire elephant (D:15)
  Azrael (D:13)
  The ghost of seandewar5 the Destroyer, a journeyman DEWz of Sif Muna (Orc:1)
  2 ogre magi
  3 hydras
  Harold (Lair:2)
  A rakshasa (D:15)
  A catoblepas (D:13)
  3 centaur warriors
  A merfolk avatar (Lair:6)
  A death knight (D:13)
  Erica (D:9)
  2 tengu warriors
  Urug (D:14)
  5 two-headed ogres
  4 death yaks
  Nergalle (Lair:2)
  A fire crab (Lair:6)
  7 skeletal warriors
  2 sea snakes (Lair:6)
  A phantasmal warrior (D:13)
  An unseen horror (D:15)
  A harpy (Lair:6)
  A wolf spider (D:15)
  A deep elf mage (D:12)
  12 orc sorcerers
  2 manticores
  3 cyclopes
  6 ugly things (D:15)
  7 elephants
  2 centaur zombies (D:15)
  A naga mage (D:15)
  Joseph (D:10)
  A torpor snail (Lair:5)
  12 spiny frogs
  3 gargoyles
  8 rime drakes
  9 komodo dragons
  3 kobold demonologists
  A freezing wraith (D:13)
  2 ice devils (D:12)
  3 efreet
  4 jumping spiders (Lair:4)
  3 tengu conjurers
  3 meliai (D:15)
  6 polar bears
  A queen bee (Lair:1)
  5 trolls
  11 blink frogs
  A wind drake (Lair:6)
  4 hornets
  7 dream sheep (Lair:6)
  7 hippogriffs
  13 slime creatures
  A snapping turtle (Lair:4)
  A shadow (D:15)
  Sigmund (D:4)
  A yak (shapeshifter) (D:15)
  39 yaks
  2 redbacks (Lair:4)
  A vampire (D:7)
  A wraith (D:13)
  11 wyverns
  A fire elemental (D:13)
  3 fire bats (Lair:2)
  4 basilisks
  4 hogs (D:9)
  17 humans
  8 vampire mosquitoes
  A steam dragon (D:11)
  A hungry ghost (D:12)
  A warg (Orc:1)
  2 acid dragons
  2 insubstantial wisps (Lair:2)
  A soldier ant (D:11)
  16 water moccasins
  5 hell hounds (D:13)
  9 porcupines
  8 orc warriors
  3 ice beasts (D:12)
  9 sky beasts
  11 ogres
  2 necrophages
  3 wolves (Lair:3)
  2 eyes of draining
  12 crocodiles
  12 centaurs
  2 big kobolds
  2 gnoll sergeants
  26 bullfrogs
  A scorpion (D:10)
  33 killer bees
  10 wights
  4 electric eels
  A howler monkey (D:9)
  5 crimson imps
  A quasit (D:9)
  A bullfrog zombie (D:12)
  10 jellies
  13 orc priests
  5 centaur skeletons
  6 hounds
  8 iguanas
  4 bullfrog skeletons
  33 orc wizards
  10 worker ants
  2 hound skeletons
  A howler monkey zombie (D:7)
  25 gnolls
  15 adders
  3 shadow imps
  3 white imps (D:12)
  An ufetubus (D:12)
  An ooze (D:2)
  An adder zombie (D:5)
  7 worms
  4 dart slugs
  4 leopard geckos
  92 orcs
  10 giant cockroaches
  5 goblins
  4 hobgoblins
  10 jackals
  21 kobolds
  4 quokkas
  2 ball pythons
  A ball python skeleton (D:5)
  11 bats
  11 frilled lizards
  11 rats
806 creatures vanquished.

Vanquished Creatures (others)
  A centaur (D:14)
  A human (D:7)
  A howler monkey (D:14)
  An orc wizard (Orc:2)
  2 white imps (D:12)
  An orc (D:14)
  4 giant cockroaches (Lair:6)
  2 kobolds
  10 fungi (Lair:6)
  14 plants
  2 withered plants (D:4)
39 creatures vanquished.

Grand Total: 845 creatures vanquished

Notes
Turn   | Place    | Note
-------+----------+-------------------------------------------
     0 | D:1      | RedPan the Ogre Monk began the quest for the Orb.
     0 | D:1      | Reached XP level 1. HP: 24/24 MP: 1/1
    53 | D:1      | Reached skill level 3 in Unarmed Combat
   230 | D:1      | Reached XP level 2. HP: 32/32 MP: 2/2
   648 | D:1      | Reached XP level 3. HP: 37/39 MP: 3/3
  1113 | D:2      | Reached skill level 4 in Unarmed Combat
  1230 | D:2      | Reached XP level 4. HP: 27/48 MP: 4/4
  1999 | D:2      | Found a snail-covered altar of Cheibriados.
  1999 | D:2      | Found an opulent altar of Gozag.
  1999 | D:2      | Found a shimmering altar of Xom.
  2021 | D:2      | Became a worshipper of Cheibriados the Contemplative
  2021 | D:2      | Reached * piety under Cheibriados
  2021 | D:2      | Reached ** piety under Cheibriados
  2193 | D:3      | Reached skill level 5 in Unarmed Combat
  2193 | D:3      | Reached XP level 5. HP: 54/54 MP: 5/5
  2466 | D:3      | Reached skill level 1 in Invocations
  2974 | D:4      | Noticed Sigmund
  3010 | D:3      | Reached XP level 6. HP: 26/62 MP: 7/7
  3091 | D:4      | Reached *** piety under Cheibriados
  3428 | D:4      | Found a runed translucent door.
  3428 | D:4      | Noticed an12's ghost (amateur DrWz)
  3517 | D:4      | Reached skill level 6 in Unarmed Combat
  3605 | D:4      | Reached XP level 7. HP: 65/70 MP: 9/9
  4025 | D:4      | Killed Sigmund
  4025 | D:4      | Reached skill level 5 in Invocations
  4133 | D:5      | Entered Level 5 of the Dungeon
  4214 | D:5      | Found a staircase to the Ecumenical Temple.
  4239 | D:5      | Reached **** piety under Cheibriados
  4256 | D:5      | Reached skill level 7 in Unarmed Combat
  4256 | D:5      | Reached XP level 8. HP: 46/78 MP: 12/12
  4358 | D:5      | Found Inank's Assorted Antiques.
  4359 | D:5      | Found the +4 robe of Augmentation {Str+4 Int+4 Dex+4}
  4363 | D:5      | Bought a scroll labeled TAMAGAPTUI for 31 gold pieces
  4363 | D:5      | Bought a scroll labeled JUEFUBBUOT for 31 gold pieces
  4363 | D:5      | Bought a scroll of identify for 62 gold pieces
  4363 | D:5      | Bought a scroll labeled OSMENN QOJY for 31 gold pieces
  4435 | D:5      | Found a glowing golden altar of the Shining One.
  5253 | D:6      | Reached skill level 8 in Unarmed Combat
  5399 | D:6      | Reached XP level 9. HP: 84/84 MP: 14/14
  5781 | D:7      | Found an ancient bone altar of Kikubaaqudgha.
  5856 | D:7      | Reached skill level 9 in Unarmed Combat
  6523 | D:7      | Got a brightly glowing hand axe
  6524 | D:7      | Identified the +7 hand axe of Entrepreneurial Spirit
                  | {venom, Dex+6} (You found it on level 7 of the Dungeon)
  7067 | D:8      | Reached ***** piety under Cheibriados
  7093 | D:8      | Reached skill level 10 in Unarmed Combat
  7227 | D:8      | Reached skill level 5 in Fighting
  7286 | D:8      | Found a staircase to the Lair.
  7286 | D:8      | Noticed a death yak
  7302 | D:8      | Killed a death yak
  7302 | D:8      | Reached XP level 10. HP: 40/98 MP: 16/16
  7429 | D:8      | Noticed a death yak
  7435 | D:8      | Noticed a death yak
  7452 | D:8      | HP: 4/98 [death yak (18)]
  7454 | D:8      | Killed a death yak
  7458 | D:8      | Killed a death yak
  7458 | D:8      | Reached skill level 5 in Dodging
  7458 | D:8      | Reached skill level 11 in Unarmed Combat
  7793 | D:8      | Learned a level 3 spell: Call Canine Familiar
  7835 | D:8      | Found Saleott's Magic Scroll Shoppe.
  7856 | D:8      | Bought a scroll of teleportation for 30 gold pieces
  7856 | D:8      | Bought a scroll of teleportation for 30 gold pieces
  7856 | D:8      | Bought a scroll of identify for 20 gold pieces
  7856 | D:8      | Bought a scroll of identify for 20 gold pieces
  7856 | D:8      | Bought a scroll of identify for 20 gold pieces
  7885 | D:8      | Found a roughly hewn altar of Beogh.
  8217 | D:9      | Noticed Erica
  8224 | D:9      | Killed Erica
  8224 | D:9      | Reached skill level 1 in Spellcasting
  8224 | D:9      | Reached skill level 1 in Summonings
  8224 | D:9      | Reached skill level 1 in Evocations
  8271 | D:9      | Reached XP level 11. HP: 107/107 MP: 17/17
  8593 | D:9      | Noticed a two-headed ogre
  8611 | D:9      | Killed a two-headed ogre
  9698 | D:9      | Noticed a two-headed ogre
  9711 | D:9      | Killed a two-headed ogre
  9711 | D:9      | Reached skill level 12 in Unarmed Combat
  9868 | D:9      | Found an ancient bone altar of Kikubaaqudgha.
 10273 | D:9      | Found a shimmering blue altar of Sif Muna.
 10413 | D:10     | Entered Level 10 of the Dungeon
 10479 | D:10     | Noticed an ogre mage
 10484 | D:10     | Noticed a four-headed hydra
 10490 | D:10     | Paralysed by an ogre mage for 6 turns
 10497 | D:10     | Killed an ogre mage
 11085 | D:10     | Noticed Joseph
 11097 | D:10     | Killed Joseph
 11189 | D:10     | Found Zamathoa's General Store.
 11215 | D:10     | Killed a four-headed hydra
 11759 | D:10     | Reached XP level 12. HP: 113/118 MP: 18/18
 11777 | D:10     | Found a staircase to the Orcish Mines.
 12019 | D:10     | Learned a level 6 spell: Statue Form
 12266 | D:10     | Reached ****** piety under Cheibriados
 12590 | D:11     | Reached skill level 5 in Spellcasting
 13831 | Lair:1   | Entered Level 1 of the Lair of Beasts
 13938 | Lair:1   | Reached skill level 1 in Transmutations
 13938 | Lair:1   | Reached skill level 1 in Earth Magic
 15562 | Lair:1   | Reached skill level 13 in Unarmed Combat
 15994 | Lair:2   | Reached XP level 13. HP: 52/124 MP: 22/22
 16239 | Lair:2   | Noticed Harold
 16248 | Lair:2   | Noticed Nergalle
 16256 | Lair:2   | Killed Harold
 16276 | Lair:2   | Killed Nergalle
 17380 | Lair:3   | Found a runed translucent gate.
 17380 | Lair:3   | Found a runed translucent gate.
 17380 | Lair:3   | Found a runed translucent gate.
 17380 | Lair:3   | Noticed Ydghazxe's ghost (journeyman VSCK)
 18457 | Lair:4   | You fall into a shaft and drop 1 floor!
 18660 | Lair:4   | Found a hole to the Spider Nest.
 19305 | Lair:4   | Reached skill level 5 in Transmutations
 19510 | Lair:4   | Reached skill level 5 in Earth Magic
 19573 | Lair:4   | Found a staircase to the Shoals.
 19961 | Lair:5   | Found a staircase to the Slime Pits.
 20037 | Lair:5   | Reached skill level 1 in Armour
 21871 | Lair:6   | Entered Level 6 of the Lair of Beasts
 21880 | Lair:6   | Reached XP level 14. HP: 136/136 MP: 23/23
 22165 | Lair:6   | Reached skill level 14 in Unarmed Combat
 23027 | Lair:6   | Identified Sif Muna's Grimoire of Stones and Venom
 23041 | Lair:6   | Identified the Papyrus of Ice and Air
 23531 | Orc:1    | Entered Level 1 of the Orcish Mines
 23646 | Orc:2    | Entered Level 2 of the Orcish Mines
 23894 | Orc:1    | Found a runed translucent gate.
 23894 | Orc:1    | Found a runed translucent gate.
 23894 | Orc:1    | Found a runed translucent gate.
 23904 | Orc:1    | Found an opulent altar of Gozag.
 23914 | Orc:1    | Found an iron altar of Okawaru.
 23962 | Orc:1    | Noticed seandewar5's ghost (journeyman DEWz)
 23977 | Orc:1    | Found Zucvat's Assorted Antiques.
 24023 | Orc:1    | Killed seandewar5's ghost
 24065 | Orc:1    | Bought a shiny wooden ring for 190 gold pieces
 24403 | Orc:2    | Found a staircase to the Elven Halls.
 24682 | Orc:2    | Paralysed by an orc sorcerer for 2 turns
 24689 | Orc:2    | Found Quil's Distillery.
 24756 | Orc:2    | Found a radiant altar of Vehumet.
 24923 | Orc:2    | Found Laxex's Book Shoppe.
 24936 | Orc:2    | Found an ancient bone altar of Kikubaaqudgha.
 24972 | Orc:2    | Found Urphiv's Magic Scroll Shoppe.
 25019 | Orc:2    | Found a roughly hewn altar of Beogh.
 25019 | Orc:2    | Found Vonel's Antique Weapon Emporium.
 25202 | Orc:2    | Bought a potion of experience for 750 gold pieces
 25202 | Orc:2    | Reached skill level 10 in Dodging
 25202 | Orc:2    | Reached XP level 15. HP: 143/143 MP: 24/24
 25608 | D:12     | Found Geriuqor's Food Emporium.
 26090 | D:12     | Reached XP level 16. HP: 152/152 MP: 25/25
 26437 | D:13     | Reached skill level 15 in Unarmed Combat
 27375 | D:14     | Noticed Azrael
 27382 | D:13     | Reached skill level 1 in Shields
 27743 | D:13     | Killed Azrael
 28029 | D:14     | Noticed Urug
 28036 | D:14     | Killed Urug
 28179 | D:14     | Found an iron altar of Okawaru.
 28356 | D:14     | Found Daimink's Book Shoppe.
 28366 | D:14     | Found a runed translucent gate.
 28366 | D:14     | Found a runed translucent gate.
 28368 | D:14     | Found a runed translucent gate.
 28369 | D:14     | Noticed Dyxt's ghost (journeyman HONe)
 28394 | D:14     | Killed Dyxt's ghost
 28526 | D:14     | Found a gate to the Vaults.
 28551 | D:14     | Found a white marble altar of Elyvilon.
 28738 | D:15     | Entered Level 15 of the Dungeon
 28745 | D:15     | Found a shadowy altar of Dithmenos.
 28822 | D:15     | Reached skill level 5 in Shields
 28949 | D:15     | Found a staircase to the Depths.
 29400 | D:15     | Got a translucent long sword
 29446 | D:15     | Identified the cursed +1 long sword of Perversion {vamp,
                  | +Rage rC+ Stlth+} (You found it on level 15 of the Dungeon)
 29711 | D:15     | Slain by a titanic slime creature

Levels and vault maps discovered:
D:1:      saegor_arrival_simple_e, layout_loops_corners, hangedman_decor_growths
D:2:      layout_basic, chequers_temple_overflow_statue_of_worship, first_ration
D:3:      layout_loops_ring
D:4:      layout_loops_corners, gammafunk_ghost_grave, uniq_sigmund
D:5:      layout_loops_ring, lemuel_round_altar,
          minmay_temple_entry_sparse_star, serial_shops,
          nicolae_shop_temple_entry_statues_fountains
D:6:      layout_gridville
D:7:      layout_loops_ring, tgw_kikubaaqudgha
D:8:      layout_rooms, dpeg_lair_monsters, special_room [special_room_orc],
          serial_shops, shop
D:9:      layout_basic, lemuel_blue_sif_altar, nicolae_overflow_crystal_walls,
          grunt_livestock, minmay_chambers_of_fives, uniq_erica
D:10:     minmay_the_grid_four_pointed_star
          [minmay_the_grid_triangle_9x9_longest,
          minmay_the_grid_triangle_9x9_thin_v,
          minmay_the_grid_triangle_9x9_minimal,
          minmay_the_grid_triangle_9x9_alien, minmay_the_grid_prize_trominoes],
          layout_irregular_city, hiddenorc1_lemuel, serial_shops,
          nicolae_shop_statue_plus, uniq_joseph
D:11:     layout_roguey, minmay_holes
D:12:     layout_irregular_city, serial_shops, shop, serial_ice, serial_ice_h,
          serial_ice_k, serial_ice_f, serial_ice_g,
          portal_ice_cave_demonic_guard
D:13:     layout_stronghold, gauntlet_entry_generic
D:14:     layout_rooms, david_vaults_3, serial_shops, nicolae_shop_behind_doors,
          elyvilon_altar_1, basic_altar, ebering_ghost_rock_garden, uniq_azrael
D:15:     hangedman_depths_entry_try_elsewhere_first, layout_long_grid,
          grunt_dithmenos_smoke
Lair:1:   layout_long_grid, special_room [special_room_bee],
          serial_bayou_pond_b, serial_bayou_shore_a, grunt_megastairs_3,
          lemuel_fruit_tree, minmay_lair_oklob_chamber, uniq_urug
Lair:2:   layout_long_grid, nicolae_volcano_entry_batcave, pond, uniq_harold,
          uniq_nergalle
Lair:3:   layout_roguey, gammafunk_ghost_necromancy, grunt_megastairs_1
Lair:4:   layout_roguey, minmay_shoals_entry_hut,
          nicolae_spider_entry_tight_spaces, grunt_megastairs_5
Lair:5:   layout_regular_city, nicolae_slime_entry_slimehenge, st_stairs_9,
          serial_bayou_shore_b, serial_bayou_shore_b
Lair:6:   gammafunk_lair_ancient_temple, layout_regular_city
Orc:1:    layout_diamond_mine, ebering_ghost_gozag, okawaru_metal_pillars_1_2
Orc:2:    kennysheep_orc_mage_school, layout_caves

Skill      XL: |  1  2  3  4  5  6  7  8  9 10 11 12 13 14 15 16 |
---------------+-------------------------------------------------+-----
Unarmed Combat | 3 4 5 6 7 8 10 11 12 13 14 15 | 15.6
Invocations    | 2 3 5 7 8 |  8.0
Dodging        | 4 5 6 8 9 10 11 | 11.7
Fighting       | 5 7 8 9 |  9.0
Spellcasting   | 1 4 6 |  6.0
Summonings     | 1 3 4 |  4.0
Evocations     | 1 3 4 |  4.0
Transmutations | 3 5 8 |  8.1
Earth Magic    | 3 5 8 |  8.1
Armour         | 2 3 |  3.1
Shields        | 6 |  6.3
Stealth        | |  1.4

Action                   |  1- 3 |  4- 6 |  7- 9 | 10-12 | 13-15 | 16-18 || total
-------------------------+-------+-------+-------+-------+-------+-------++-------
Melee: Unarmed           |   144 |   269 |   352 |   578 |   718 |   319 ||  2380
       Punch             |       |     8 |    23 |    49 |    80 |    41 ||   201
 Cast: Call Canine Famil |       |       |       |     9 |       |       ||     9
       Statue Form       |       |       |       |       |    33 |    34 ||    67
Invok: Bend Time         |       |       |     3 |     6 |    10 |     4 ||    23
       Slouch            |       |       |       |     6 |       |     1 ||     7
Evoke: Wand              |       |       |       |     1 |       |       ||     1
  Use: Scroll            |     7 |     3 |     5 |    11 |     5 |     3 ||    34
       Potion            |       |       |     3 |     4 |     1 |       ||     8
 Stab: Sleeping          |     1 |     4 |     7 |    11 |     6 |       ||    29
       Paralysed         |       |       |       |     2 |       |       ||     2
       Confused          |       |       |       |     1 |       |       ||     1
       Distracted        |       |       |       |       |     2 |       ||     2
  Eat: Chunk             |     1 |     6 |     6 |    26 |    33 |    20 ||    92
Armor: Robe              |    19 |       |       |   112 |    80 |     7 ||   218
       Troll leather arm |    38 |    82 |   122 |    12 |       |       ||   254
       Skin              |       |       |       |       |   246 |   294 ||   540
Dodge: Dodged            |    85 |   147 |   192 |   421 |   709 |   561 ||  2115

Table legend:
 A = Non-vault XP
 B = Vault XP
 C = Vault XP percentage of total XP
 D = Non-vault monster count
 E = Vault monster count
 F = Vault count percentage of total count
                 A         B        C        D         E       F
            +---------+---------+-------+---------+---------+-------
      Total |   82918 |   51365 |  38.3 |     573 |     233 |  28.9
            +---------+---------+-------+---------+---------+-------
        D:1 |      42 |       0 |   0.0 |      24 |       0 |   0.0
        D:2 |     110 |       0 |   0.0 |      30 |       0 |   0.0
        D:3 |     212 |       0 |   0.0 |      29 |       0 |   0.0
        D:4 |     555 |     220 |  28.4 |      31 |       1 |   3.1
        D:5 |     249 |       0 |   0.0 |      12 |       0 |   0.0
        D:6 |    1069 |       0 |   0.0 |      17 |       0 |   0.0
        D:7 |    1406 |       0 |   0.0 |      24 |       0 |   0.0
        D:8 |     987 |    3363 |  77.3 |      40 |      32 |  44.4
        D:9 |    3887 |    2331 |  37.5 |      32 |      11 |  25.6
       D:10 |     346 |    4234 |  92.4 |      10 |      32 |  76.2
       D:11 |    3913 |       0 |   0.0 |      28 |       0 |   0.0
       D:12 |    6483 |    1652 |  20.3 |      30 |      10 |  25.0
       D:13 |   13431 |    4381 |  24.6 |      59 |      14 |  19.2
       D:14 |    3771 |    5716 |  60.3 |       9 |      14 |  60.9
       D:15 |   14007 |    2938 |  17.3 |      37 |       4 |   9.8
     Lair:1 |    4509 |    1970 |  30.4 |      21 |      24 |  53.3
     Lair:2 |    3690 |    3249 |  46.8 |      15 |      11 |  42.3
     Lair:3 |    3227 |     651 |  16.8 |      19 |       3 |  13.6
     Lair:4 |    2576 |    2314 |  47.3 |      12 |       9 |  42.9
     Lair:5 |    7581 |    1512 |  16.6 |      30 |       7 |  18.9
     Lair:6 |    7055 |    9332 |  56.9 |      22 |      25 |  53.2
      Orc:1 |    1606 |    1454 |  47.5 |      26 |       3 |  10.3
      Orc:2 |    2206 |    6048 |  73.3 |      16 |      33 |  67.3
            +---------+---------+-------+---------+---------+-------
